 Dungeon Crawl Stone Soup version 0.30-a0-630-g881e3bac89 (webtiles) character file.

Game seed: 13362744415849790651

686 M4edhros the Sneak (level 7, -15/48 HPs)
             Began as an Octopode Artificer on Jan 13, 2023.
             Demolished by a yak (16 damage)
             ... on level 7 of the Dungeon.
             The game lasted 00:07:22 (913 turns).

M4edhros the Sneak (Octopode Artificer)              Turns: 913, Time: 00:07:23

Health: -15/48     AC:  1    Str: 12    XL:     7   Next: 62%
Magic:  7/7        EV: 15    Int: 13    God:
Gold:   109        SH:  0    Dex: 14    Spells: 6/6 levels left

rFire   . . .      SeeInvis .    (no weapon)
rCold   . . .      Faith    .    (no shield)
rNeg    . . .      Spirit   .    (helmet restricted)
rPois   .          Reflect  .    (no amulet)
rElec   .          Harm     .    (no ring)
rCorr   .          Rampage  .    (no ring)
Will    .....                    (no ring)
Stlth   ++++                     (no ring)
HPRegen 0.28/turn                (no ring)
MPRegen 0.10/turn                (no ring)
                                 (no ring)
                                 (no ring)

@: slowed, very slow
A: almost no armour, amphibious, 8 rings, camouflage 1, gelatinous body 1,
(nimble swimmer 1), tentacles
a: no special abilities


You were on level 7 of the Dungeon.
You visited 1 branch of the dungeon, and saw 7 of its levels.

You collected 109 gold pieces.

Inventory:

Missiles
 n - 6 poisoned darts
Wands
 b - a wand of flame (10) (quivered)
 d - a wand of iceblast (2)
Scrolls
 a - a scroll of brand weapon {unknown}
 e - a scroll of blinking {unknown}
 g - 4 scrolls of identify {unknown}
 h - a scroll of teleportation {unknown}
 j - a scroll of fog {unknown}
 k - 2 scrolls of immolation {unknown}
 m - a scroll of noise {unknown}
Potions
 f - a potion of resistance {unknown}
 i - a potion of heal wounds
 l - 2 potions of attraction {unknown}


   Skills:
 + Level 4.1 Fighting
 + Level 4.7 Dodging
 + Level 6.1 Stealth
 - Level 5.0 Evocations


You had 6 spell levels left.
You didn't know any spells.
Your spell library was empty.

Dungeon Overview and Level Annotations

Branches:
Dungeon (7/15)
 Temple: D:4-7

Altars:
Ashenzari
Okawaru
Ru

Shops:
D:4 ?

Annotations:
D:3 Sigmund
D:4 Pikel


Innate Abilities, Weirdness & Mutations

You cannot wear most types of armour.
You are amphibious.
You can wear up to eight rings at the same time.
Your skin changes colour to match your surroundings (Stealth+).
Your rubbery body absorbs attacks. (AC +1, EV +1)
((You are camouflaged when in or above water. (Stealth+)))
You have tentacles for arms and can constrict up to eight enemies at once.


Message History

Evoke which item? (* to show all) (? for menu, Esc to quit)
Okay, then.
Okay, then.
Attack: -) Tentacles
Press: ? - help, Dir - move target, f/p - hornet
Aim: a hornet (moderately wounded, very poisoned, ally target, about 54% to evade your tentacles)
Okay, then.
Okay, then.
Okay, then.
Okay, then.
Aiming: Iceblast
Press: ? - help, Shift-Dir - straight line, p - hornet The mass of ice explodes!
The iceblast engulfs the hound!!
You kill the hound!
The iceblast engulfs the killer bee!!
You kill the killer bee!
The hornet completely misses you. The killer bee completely misses you.
Your killer bee stings the hornet.
Your killer bee stings the hornet but does no damage.
The killer bee stings you!
* * * LOW HITPOINT WARNING * * *
An ice beast comes into view.
The hornet misses your killer bee. The yak gores you.
* * * LOW HITPOINT WARNING * * *
Your Stealth skill increases to level 6!
Aiming: Iceblast
Press: ? - help, Shift-Dir - straight line The mass of ice explodes!
The iceblast engulfs the killer bee!!
You kill the killer bee!
The iceblast engulfs the killer bee!!
You kill the killer bee!
The iceblast engulfs the killer bee!!
You kill the killer bee!
Your killer bee stings the hornet but does no damage.
The hornet stings you!
* * * LOW HITPOINT WARNING * * *
You feel yourself slow down.
Your killer bee stings the hornet.
The hornet looks as sick as possible!
Your killer bee poisons the hornet!
The yak gores you!
You die...

#.............
#............
#..†).(......
#...<........
###.........#
##.....#..#
##...###.#
#Y†......
#@.†.....
......yy†.>....
...##..........
.....#......
....###......
#...## ......
.... #..... ...
.....


You could see a yak, a hornet (extremely poisoned, ally target) and a friendly
killer bee (charmed).

Vanquished Creatures
  A yak (D:7)
  Edmund (D:5)
  A scorpion (D:5)
  2 necrophages
  4 killer bees (D:7)
  2 hounds
  A gnoll bouda (D:7)
  An orc wizard (D:5)
  3 adders (D:2)
  A shadow imp (D:5)
  A worm (D:3)
  A dart slug (D:2)
  3 orcs (D:5)
  2 endoplasms (D:2)
  3 giant cockroaches
  A goblin (D:4)
  2 hobgoblins
  A quokka (D:2)
  4 ball pythons
  A bat (D:2)
  A frilled lizard (D:2)
  4 kobolds
  3 rats (D:2)
44 creatures vanquished.

Vanquished Creatures (collateral kills)
  An orc wizard (D:5)
  An adder (D:2)
  A shadow imp (D:5)
  4 orcs (D:5)
  A hobgoblin (D:2)
8 creatures vanquished.

Vanquished Creatures (others)
  A yak (D:7)
  A jelly (D:7)
  An adder (D:2)
  A white imp (D:7)
  A fungus (D:3)
5 creatures vanquished.

Grand Total: 57 creatures vanquished

Notes
Turn   | Place    | Note
-------+----------+-------------------------------------------
     0 | D:1      | M4edhros the Octopode Artificer began the quest for the
                  | Orb.
     0 | D:1      | Reached XP level 1. HP: 13/13 MP: 1/1
    87 | D:2      | Reached skill level 2 in Stealth
    87 | D:2      | Reached XP level 2. HP: 15/18 MP: 2/2
   118 | D:3      | Noticed Sigmund
   152 | D:2      | Found a sacrificial altar of Ru.
   212 | D:2      | Reached XP level 3. HP: 11/23 MP: 3/3
   337 | D:2      | Reached XP level 4. HP: 22/29 MP: 4/4
   401 | D:3      | Reached skill level 3 in Stealth
   476 | D:5      | Entered Level 5 of the Dungeon
   488 | D:4      | Noticed a lemure
   489 | D:4      | Noticed a lemure
   489 | D:4      | Noticed Pikel
   492 | D:4      | Noticed a lemure
   530 | D:4      | Found Joaluar's Magic Scroll Boutique.
   608 | D:4      | Found a broken altar of Ashenzari.
   613 | D:4      | Noticed a necrophage
   630 | D:4      | Killed a necrophage
   631 | D:4      | Reached XP level 5. HP: 13/35 MP: 5/5
   721 | D:5      | Found an iron altar of Okawaru.
   721 | D:5      | Noticed Edmund
   764 | D:5      | Killed Edmund
   765 | D:5      | Reached skill level 4 in Stealth
   765 | D:5      | Reached XP level 6. HP: 25/42 MP: 6/6
   879 | D:5      | Reached skill level 5 in Stealth
   879 | D:5      | Reached skill level 5 in Evocations
   898 | D:7      | Noticed a yak
   898 | D:7      | Noticed a yak
   898 | D:7      | Noticed a yak
   905 | D:7      | Killed a yak
   906 | D:7      | Reached XP level 7. HP: 20/48 MP: 7/7
   910 | D:7      | Noticed a hornet
   913 | D:7      | Reached skill level 6 in Stealth
   913 | D:7      | HP: 1/48 [hornet (10)]
   913 | D:7      | Demolished by a yak

Illustrated notes

Levels and vault maps discovered:
D:1:      dpeg_arrival_rhombus, layout_basic,
          shapermc_ecumenical_altar_hornbeckon
D:2:      minmay_angry_zag, layout_rooms, basic_altar
D:3:      layout_loops_corners, gammafunk_temple_overflow_statue,
          mainiacjoe_overflow_cross_hatched, vehumet_altar_wand_db, uniq_sigmund
D:4:      layout_loops_corners, evilmike_ruin_ashenzari, lemuel_round_altar,
          serial_shops, shop, nicolae_shop_stone, kennysheep_generic_room_6,
          uniq_pikel
D:5:      layout_rooms, mainiacjoe_overflow_brackets, uniq_crazy_yiuf_cottage,
          uniq_edmund
D:6:      wander_river, layout_loops_ring, dk_yredelemnul_ordeal,
          minmay_temple_entry_statues_pillars, uniq_maggie, uniq_eustachio
D:7:      layout_cave_pools, dreamdust_gnoll_shepherd

Skill      XL: |  1  2  3  4  5  6  7 |
---------------+----------------------+-----
Stealth        | 2 3 4 5 6 |  6.1
Fighting       | 2 3 4 |  4.1
Dodging        | 3 4 |  4.7
Evocations     | 4 5 |  5.0

Action                   |  1- 3 |  4- 6 |  7- 9 || total
-------------------------+-------+-------+-------++-------
Melee: Unarmed           |    46 |    58 |       ||   104
       Constrict         |    14 |    15 |       ||    29
       Tentacles         |    13 |    15 |       ||    28
       Punch             |     1 |     3 |       ||     4
Evoke: Wand              |     6 |    11 |     6 ||    23
  Use: Potion            |     1 |     1 |       ||     2
 Stab: Sleeping          |     2 |     2 |       ||     4
       Distracted        |     1 |     1 |       ||     2
Armor: Skin              |     3 |     3 |       ||     6
Dodge: Dodged            |    40 |    27 |     2 ||    69

Table legend: (Time is in decaauts)
 A = Elapsed time spent in this place.
 B = Non-inter-level travel time spent in this place.
 C = Inter-level travel time spent in this place.
 D = Time resting spent in this place.
 E = Time spent auto-exploring this place.
 F = Levels seen in this place.
 G = Mean time per level.
                   A        B        C        D        E       F      G
               +--------+--------+--------+--------+--------+-----+--------+
         Total |    911 |    885 |     26 |      0 |     87 |   7 |  130.1 |
       Dungeon |    911 |    885 |     26 |      0 |     87 |   7 |  130.1 |
               +--------+--------+--------+--------+--------+-----+--------+

Top non-repeatable levels by time:
     D:2: 273 daAuts
     D:4: 233 daAuts
     D:5: 222 daAuts
     D:3: 103 daAuts
     D:1: 60 daAuts
     D:7: 14 daAuts
     D:6: 3 daAuts
